AoeStats
← polom.s1989

MegaRandom

509852110Analyzed
4v4 RM · 4d ago on Sep 28, 2026· 93m 56s· 8 players
Game mode
Random Map
Map size
Large (8 player)
Population
200
Speed
Normal
Resources
Standard
Victory
Conquest
Starting age
Dark Age
Ending age
Imperial Age
RankedLock teamsTeams togetherTeam positionsShared explorationLock speedFull tech treeHidden civsTurbo modeCheats
Victory
Defeat
🇳🇱 Magyars · Netherlands
1575
+14
🇨🇿 Gurjaras · Czechia
1519
+16
🇻🇳 Britons · Vietnam
1500
+17
🇪🇸 Berbers · Spain
1486
+18
🇭🇰 Persians · Hong Kong SAR China
1572
-18
🇳🇿 Varangians · New Zealand
1552
-17
🇨🇳 Spanish · China
1493
-15
🇳🇿 Huns · New Zealand
1487
-15
polom.s1989
0:29 Loom
2:04 Loom
11:03 Feudal Age
13:57 Bloodlines
14:50 Horse Collar
14:56 Double-Bit Axe
17:07 Fishing Lines
22:57 Castle Age
23:49 Bow Saw
25:07 Husbandry
26:01 Forging
25:56 Scale Barding Armor
26:44 Gillnets
27:56 Wheelbarrow
32:24 Imperial Age
30:57 Hand Cart
31:52 Gold Mining
32:24 Chain Barding Armor
32:39 Iron Casting
34:32 Siege Elephant
36:17 Town Watch
37:08 Heavy Camel Rider
41:00 Heavy Plow
42:52 Frontier Guards
44:22 Coinage
43:52 Caravan
45:59 Conscription
48:09 Scale Mail Armor
48:44 Plate Barding Armor
47:44 Elite Chakram Thrower
49:36 Caravan
49:55 Chain Mail Armor
49:40 Arson
52:59 Kshatriyas
65:15 Light Cavalry
66:15 Elite Shrivamsha Rider
66:18 Hussar
78:44 Banking
88:01 Banking
Komkommersla
7:32 Loom
9:35 Feudal Age
10:17 Double-Bit Axe
10:23 Horse Collar
18:00 Wheelbarrow
18:17 Bloodlines
18:14 Scale Barding Armor
22:48 Castle Age
22:39 Fletching
23:51 Bow Saw
24:11 Fishing Lines
24:52 Bodkin Arrow
25:44 Padded Archer Armor
25:47 Husbandry
26:07 Town Watch
26:24 Gold Mining
29:02 Ballistics
31:44 Stone Mining
32:01 Gillnets
34:13 Hand Cart
37:16 Thumb Ring
40:34 Imperial Age
38:43 Chain Barding Armor
38:52 Town Patrol
39:17 Light Cavalry
40:34 Cavalier
41:54 Plate Barding Armor
42:23 Chemistry
41:01 Hussar
41:57 Heavy Cavalry Archer
44:25 Conscription
44:37 Bracer
45:17 Parthian Tactics
45:03 Recurve Bow
46:42 Leather Archer Armor
46:05 Paladin
47:38 Caravan
51:35 Elite Skirmisher
51:57 Elite Genitour
54:49 Masonry
57:31 Siege Engineers
61:11 Treadmill Crane
62:05 Ring Archer Armor
62:12 Murder Holes
69:56 Hoardings
82:49 Demolition Ship
87:38 Heavy Plow
Pelopincho
7:03 Loom
9:07 Feudal Age
9:50 Double-Bit Axe
9:46 Horse Collar
13:54 Wheelbarrow
20:22 Castle Age
18:58 Stone Mining
19:02 Gold Mining
21:33 Bow Saw
21:43 Heavy Plow
22:06 Hand Cart
26:00 Fletching
26:35 Padded Archer Armor
27:02 Kasbah
27:07 Bodkin Arrow
28:16 Leather Archer Armor
28:03 Husbandry
32:14 Bloodlines
32:11 Thumb Ring
36:56 Imperial Age
34:12 Town Watch
34:40 Treadmill Crane
35:11 Masonry
35:22 Ballistics
34:46 Treadmill Crane
35:16 Masonry
35:02 Murder Holes
37:24 Gold Shaft Mining
37:24 Stone Shaft Mining
37:31 Elite Camel Archer
38:20 Bracer
39:31 Chemistry
39:02 Ring Archer Armor
38:42 Siege Engineers
39:10 Crop Rotation
39:28 Conscription
39:09 Maghrebi Camels
39:44 Hoardings
39:53 Hoardings
41:07 Coinage
40:38 Caravan
44:29 Banking
5:59 Loom
9:18 Feudal Age
9:57 Double-Bit Axe
14:39 Fletching
21:19 Castle Age
20:44 Padded Archer Armor
20:35 Gold Mining
20:29 Horse Collar
22:17 Wheelbarrow
22:18 Bow Saw
21:47 Crossbowman
23:21 Bodkin Arrow
23:59 Town Watch
26:18 Ballistics
27:53 Hand Cart
30:30 Gold Shaft Mining
29:46 Stone Mining
35:03 Imperial Age
33:19 Heavy Plow
35:46 Bracer
36:06 Leather Archer Armor
37:36 Chemistry
37:32 Forging
37:24 Arbalester
39:28 Ring Archer Armor
42:28 Warwolf
42:57 Yeomen
42:58 Conscription
44:16 Two-Man Saw
42:42 Capped Ram
44:56 Caravan
46:59 Siege Engineers
46:34 Treadmill Crane
47:05 Masonry
49:01 Coinage
49:49 Guilds
50:34 Hoardings
50:01 Murder Holes
50:36 Architecture
50:01 Murder Holes
50:36 Architecture
51:03 Warwolf
51:57 Fortified Wall
58:13 Medium Warships
69:13 Heavy Warships
69:21 Scale Mail Armor
70:45 Clinker Construction
70:46 Careening
71:44 Banking
70:40 Pikeman
71:21 Squires
71:06 Gambesons
73:58 Chain Mail Armor
74:12 Arson
74:01 Halberdier
76:13 Iron Casting
76:08 Plate Mail Armor
78:27 Blast Furnace
77:43 Town Patrol
79:22 Arrowslits
79:28 Guard Tower
80:01 Carvel Hull
80:02 Dry Dock
80:28 Scale Barding Armor
83:49 Shipwright
85:51 Keep
93:02 Chain Barding Armor
ImprovingYeti
10:22 Feudal Age
11:49 Loom
15:47 Castle Age
19:35 Scale Barding Armor
20:08 Bloodlines
24:16 Forging
25:09 Chain Barding Armor
25:37 Husbandry
25:56 Double-Bit Axe
27:34 Bow Saw
30:16 Horse Collar
31:21 Wheelbarrow
33:23 Gold Mining
33:24 Stone Mining
35:28 Hand Cart
39:01 Imperial Age
37:14 Iron Casting
36:56 Heavy Plow
37:34 Stone Shaft Mining
40:48 Plate Barding Armor
41:13 Blast Furnace
39:42 Elite Jarl
40:57 Conscription
40:40 Fletching
42:54 Town Watch
44:08 Bodkin Arrow
46:33 Two-Man Saw
46:04 Crop Rotation
47:22 Bracer
49:04 Caravan
kenny yip
6:06 Loom
8:53 Feudal Age
9:18 Double-Bit Axe
10:05 Horse Collar
11:59 Wheelbarrow
16:24 Forging
17:00 Scale Barding Armor
22:22 Castle Age
21:26 Bloodlines
21:22 Gold Mining
23:18 Bow Saw
23:25 Husbandry
25:10 Chain Barding Armor
28:55 Iron Casting
29:54 Hand Cart
31:31 Gold Shaft Mining
30:47 Stone Mining
36:38 Imperial Age
34:16 Heavy Plow
36:07 Stone Shaft Mining
36:20 Cavalier
37:37 Plate Barding Armor
38:30 Blast Furnace
37:50 Herbal Medicine
37:55 Fletching
37:48 Savar
39:39 Coinage
39:20 Guilds
40:06 Conscription
40:47 Bodkin Arrow
40:53 Scale Mail Armor
41:27 Banking
40:35 Pikeman
41:15 Squires
41:23 Halberdier
42:47 Chain Mail Armor
44:30 Plate Mail Armor
45:34 Light Cavalry
47:23 Hussar
57:01 Caravan
Wouldn'tyouknow
9:42 Feudal Age
10:22 Loom
14:03 Castle Age
16:09 Double-Bit Axe
19:44 Fletching
20:57 Bodkin Arrow
24:38 Padded Archer Armor
24:46 Horse Collar
27:06 Ballistics
27:45 Bow Saw
28:12 Town Watch
28:50 Fervor
29:58 Heavy Plow
31:07 Wheelbarrow
31:54 Bloodlines
31:45 Husbandry
32:51 Hand Cart
33:05 Leather Archer Armor
37:21 Imperial Age
36:05 Clinker Construction
37:32 Capped Ram
38:17 Bracer
39:19 Chemistry
38:30 Masonry
38:58 Parthian Tactics
37:53 Heavy Cavalry Archer
38:00 Heavy Cavalry Archer
38:50 Thumb Ring
41:30 Careening
41:40 Carvel Hull
42:26 Siege Ram
42:31 Cavalier
45:43 Conscription
48:28 Demolition Ship
49:31 Scale Barding Armor
49:37 Forging
51:21 Coinage
51:03 Guilds
51:31 Atheism
51:54 Gold Mining
51:54 Stone Mining
52:44 Paladin
52:48 Light Cavalry
54:42 Chain Barding Armor
56:03 Plate Barding Armor
56:32 Hussar
61:34 Iron Casting
61:02 Marauders
61:38 Elite Tarkan
65:47 Blast Furnace
69:53 Two-Man Saw
70:02 Town Patrol
71:36 Medium Warships
71:10 Pikeman
71:52 Squires
72:03 Halberdier
73:29 Dry Dock
73:43 Heavy Warships
74:03 Scale Mail Armor
76:35 Chain Mail Armor
80:22 Caravan
80:58 Murder Holes
喜足天
7:56 Loom
10:57 Feudal Age
15:49 Castle Age
13:56 Double-Bit Axe
14:48 Horse Collar
20:42 Padded Archer Armor
23:44 Leather Archer Armor
24:07 Bloodlines
24:45 Husbandry
28:03 Bow Saw
27:54 Heavy Plow
28:32 Wheelbarrow
28:18 Bow Saw
33:18 Imperial Age
32:13 Stone Mining
32:11 Light Cavalry
32:57 Scale Barding Armor
33:03 Forging
33:10 Hand Cart
34:31 Ring Archer Armor
34:31 Conscription
36:09 Iron Casting
35:55 Chain Barding Armor
34:59 Hussar
37:33 Two-Man Saw
36:50 Town Watch
38:24 Blast Furnace
37:28 Fletching
40:28 Supremacy
40:57 Plate Barding Armor
44:11 Cavalier
46:02 Paladin
47:38 Coinage
47:19 Guilds
49:03 Hoardings
49:47 Murder Holes
50:02 Masonry
52:02 Bodkin Arrow
52:29 Ballistics
53:09 Chemistry
52:41 Architecture
53:40 Bracer
54:48 Chemistry
68:58 Banking
81:34 Gold Mining
82:05 Caravan
90:34 Stone Shaft Mining
Connection lost

Rejoining the realm…

Still unreachable

The connection could not be restored.

Session expired

The server has moved on; the page needs a fresh start.